 Dungeon Crawl Stone Soup version 0.30-a0-4-ga7cffc901d (webtiles) character file.

Game seed: 12047770034871553115

66 Setbun the Sneak (level 4, -3/25 HPs)
             Began as a Kobold Enchanter on Aug 20, 2022.
             Slain by an orc
             ... wielding a +0 mace
              (7 damage)
             ... on level 4 of the Dungeon.
             The game lasted 00:01:52 (2376 turns).

Setbun the Sneak (Kobold Enchanter)                 Turns: 2376, Time: 00:01:53

Health: -3/25      AC:  2    Str:  5    XL:     4   Next: 37%
Magic:  7/7        EV: 15    Int: 16    God:
Gold:   67         SH:  0    Dex: 17    Spells: 7/7 levels left

rFire   . . .      SeeInvis .    a - +1 dagger
rCold   . . .      Faith    .    (no shield)
rNeg    . . .      Spirit   .    g - +0 robe {Will+}
rPois   .          Reflect  .    (no helmet)
rElec   .          Harm     .    (no cloak)
rCorr   .          Rampage  .    (no gloves)
Will    +....                    (no boots)
Stlth   ++++......               (no amulet)
HPRegen 0.08/turn                (no ring)
MPRegen 0.10/turn                (no ring)

@: no status effects
A: small, no large weapons, nightstalker 3
a: no special abilities


You were on level 4 of the Dungeon.
You visited 1 branch of the dungeon, and saw 4 of its levels.

You collected 67 gold pieces.

Inventory:

Hand Weapons
 a - a +1 dagger (weapon)
Armour
 b - a +0 robe
 g - a +0 robe of willpower (worn)
Magical Staves
 i - a staff of fire
Scrolls
 d - a scroll of noise {unknown}
 e - 4 scrolls of identify {unknown}
 f - a scroll of blinking {unknown}
 j - a scroll of amnesia {unknown}
 k - a scroll of immolation {unknown}
 l - a scroll of torment {unknown}
Potions
 c - 3 potions of invisibility
 h - a potion of mutation {unknown}


   Skills:
 + Level 1.5 Fighting
 * Level 3.3 Short Blades
 + Level 3.1 Dodging
 + Level 4.7 Stealth
 - Level 2.1 Spellcasting
 - Level 3.0 Hexes


You had 7 spell levels left.
You didn't know any spells.
Your spell library contained the following spells:

 Spells                   Type           Power      Damage    Failure   Level
 Ensorcelled Hibernation  Hex/Ice        12%        N/A       17%         2
 Confusing Touch          Hex            11%        N/A       19%         3
 Tukima's Dance           Hex            11%        N/A       19%         3
 Necrotise                Necr           4%         1d4       21%         1
 Dazzling Flash           Conj/Hex       12%        N/A       32%         3
 Vampiric Draining        Necr           1%         2d6       52%         3
 Agony                    Necr           1%         N/A       99%         5


Dungeon Overview and Level Annotations

Branches:
Dungeon (4/15)
 Temple: D:4-7

Altars:
Nemelex Xobeh

Shops:
D:1 [


Innate Abilities, Weirdness & Mutations

You are small and have problems with some larger weapons.
You are completely attuned to the shadows.


Message History

You are too injured to fight recklessly!
You are too injured to fight recklessly!
You are too injured to fight recklessly!
You are too injured to fight recklessly!
You are too injured to fight recklessly!
You are too injured to fight recklessly!
You are too injured to fight recklessly!
You are too injured to fight recklessly!
The orc attacks as you move away! The orc hits you with a +0 mace.
* * * LOW HITPOINT WARNING * * *
There is a stone staircase leading down here.
The orc misses you.
You climb downwards.
There is a stone staircase leading up here.
You are too injured to fight recklessly!
You barely miss the orc.
The orc is moderately wounded.
The orc hits you but does no damage.
You hit the orc.
The orc is severely wounded.
The orc misses you.
You hit the orc but do no damage.
The orc is severely wounded.
The orc closely misses you.
You hit the orc.
The orc is severely wounded.
You closely miss the orc.
The orc is severely wounded.
The orc misses you.
You hit the orc but do no damage.
The orc is severely wounded.
The orc barely misses you.
You hit the orc but do no damage.
The orc is severely wounded.
The orc hits you with a +0 mace.
* * * LOW HITPOINT WARNING * * *
You closely miss the orc. You punch the orc.
The orc is almost dead.
The orc hits you with a +0 mace!
You die...

......##
.......#
.......#
......#
....@.#
...o..#
.....##
.....#
#..###


You could see an orc.

Vanquished Creatures
  An adder (D:2)
  2 worms (D:2)
  A dart slug (D:1)
  2 ball pythons (D:2)
  5 endoplasms
  2 giant cockroaches
  4 goblins
  5 hobgoblins
  4 jackals (D:1)
  5 kobolds
  2 quokkas
  3 bats
  4 frilled lizards
  5 rats
45 creatures vanquished.

Notes
Turn   | Place    | Note
-------+----------+-------------------------------------------
     0 | D:1      | Setbun the Kobold Enchanter began the quest for the Orb.
     0 | D:1      | Reached XP level 1. HP: 10/10 MP: 3/3
   160 | D:1      | Reached XP level 2. HP: 6/16 MP: 5/5
   579 | D:1      | Found Jom Nuqinn's Armour Emporium.
   582 | D:1      | Reached XP level 3. HP: 20/20 MP: 6/6
   621 | D:1      | Reached skill level 1 in Fighting
  1230 | D:2      | Reached XP level 4. HP: 25/25 MP: 7/7
  2259 | D:3      | Found a faded altar of an unknown god.
  2272 | D:3      | Found a sparkling altar of Nemelex Xobeh.
  2376 | D:4      | Slain by an orc

Illustrated notes

Levels and vault maps discovered:
D:1:      giann_forest_graveyard, layout_rooms, serial_shops, shop,
          dreamdust_princess_corridor
D:2:      layout_loops_corners
D:3:      layout_rooms, mainiacjoe_overflow_alcove_1,
          lemuel_coloured_pillars_altar, nicolae_qazlal_scattered_showers,
          mainiacjoe_overflow_concentric_impassable,
          chequers_ecumenical_altar_simple
D:4:      layout_cave_pods, nicolae_grassy_gnolls, uniq_natasha

Skill      XL: |  1  2  3 |
---------------+----------+-----
Short Blades   | 2 3 |  3.3
Fighting       | 1 |  1.5
Dodging        | 3 |  3.1
Stealth        | |  4.7
Spellcasting   | |  2.1
Hexes          | |  3.0

Action                   |  1- 3 |  4- 6 || total
-------------------------+-------+-------++-------
Melee: Dagger            |    67 |    55 ||   122
       Punch             |       |     2 ||     2
 Stab: Sleeping          |    17 |     6 ||    23
       Distracted        |     1 |       ||     1
Armor: Robe              |     8 |     4 ||    12
Dodge: Dodged            |    56 |    25 ||    81

Table legend: (Time is in decaauts)
 A = Elapsed time spent in this place.
 B = Non-inter-level travel time spent in this place.
 C = Inter-level travel time spent in this place.
 D = Time resting spent in this place.
 E = Time spent auto-exploring this place.
 F = Levels seen in this place.
 G = Mean time per level.
                   A        B        C        D        E       F      G
               +--------+--------+--------+--------+--------+-----+--------+
         Total |   2359 |   2281 |     78 |    398 |   1582 |   4 |  589.8 |
       Dungeon |   2359 |   2281 |     78 |    398 |   1582 |   4 |  589.8 |
               +--------+--------+--------+--------+--------+-----+--------+

Top non-repeatable levels by time:
     D:2: 1253 daAuts
     D:1: 987 daAuts
     D:3: 111 daAuts
     D:4: 6 daAuts
